 Dungeon Crawl Stone Soup version 0.16-a0-3485-gba28155 (webtiles) character file.

194 zercules the Twirler (level 5, -1/42 HPs)
             Began as a Minotaur Gladiator on Jan 3, 2015.
             Slain by a slave (9 damage)
             ... led by Pikel
             ... on level 5 of the Dungeon.
             The game lasted 00:06:44 (1760 turns).

zercules the Twirler (Minotaur Gladiator)           Turns: 1760, Time: 00:06:44

Health: -1/42      AC:  3    Str: 19    XL:     5   Next: 44%
Magic:  11/11      EV: 14    Int:  7    God:
Gold:   124        SH:  0    Dex: 12    Spells: 0 memorised, 4 levels left

rFire  . . .     SeeInvis .     a - +0 quarterstaff
rCold  . . .     Clarity  .     b - +0 leather armour
rNeg   . . .     SustAb   .     (no shield)
rPois  .         Gourm    .     c - +0 hat
rElec  .         Spirit   .     (no cloak)
rCorr  +         Warding  .     (no gloves)
rMut   .         Stasis   .     (no boots)
MR     .....                    e - amulet of resist corrosion
Stlth  +.........               k - +2 ring of intelligence
                                h - ring of magical power

@: lethally poisoned, not resistant to hostile enchantments, very unstealthy
A: retaliatory headbutt, horns 2
a: no special abilities


You were on level 5 of the Dungeon.
You were hungry.

You visited 1 branch of the dungeon, and saw 5 of its levels.

You collected 124 gold pieces.


Innate Abilities, Weirdness & Mutations

You reflexively headbutt those who attack you in melee.
You have a pair of horns on your head.


   Skills:
 - Level 2.5 Fighting
 + Level 5.7 Staves
 - Level 2.0 Throwing
 + Level 5.4 Dodging


You had 4 spell levels left.
You didn't know any spells.

Dungeon Overview and Level Annotations

Branches:
Dungeon (5/15)
 Temple: D:4-7

Altars:
Elyvilon
Kikubaaqudgha

Annotations:
D:4 Phlounder's ghost, average GrMo
D:5 Pikel

Inventory:

Hand weapons
 a - a +0 quarterstaff (weapon)
Missiles
 d - 2 throwing nets (quivered)
Armour
 b - a +0 leather armour (worn)
 c - a +0 hat (worn)
Jewellery
 e - an amulet of resist corrosion (around neck)
 h - a ring of magical power (left hand)
 k - a +2 ring of intelligence (right hand)
 n - an uncursed ring of ice
Scrolls
 l - a scroll of fear {unknown}
 o - a scroll of remove curse {unknown}
Comestibles
 f - a bread ration

#######.######
###.........#
#...........#
###.##.####.#.#
#......# #.#.#
##......####.#.#
#............# #
#..p....######
#p@{p...#
#p##.##.#
##K##%##.#
##...#p##..
#.....p####.
#......# .#
#......# .
##...#.# #
#...##.#


You could see 4 slaves and a kobold.


Message History

Read which item? (? for menu, Esc to quit)
As you read the scroll labeled DICLAE BLAUPH, it crumbles to dust.
You feel aware of your surroundings.
It was a scroll of magic mapping.
Phlounder's ghost misses you.
Read which item? (? for menu, Esc to quit)
As you read the scroll labeled POOXYC NILU, it crumbles to dust.
You feel strangely unstable.
It was a scroll of teleportation.
Phlounder's ghost hits you.
* * * LOW HITPOINT WARNING * * *
Your surroundings suddenly seem different.
There is a stone staircase leading down here.
You climb downwards.
There is a stone staircase leading up here.
You start resting.
You start resting.
All of the chunks of flesh in your inventory have rotted away.
You start resting.
You are feeling hungry.
A hound comes into view.
The hound barks!
The hound bites you.
You sock the hound!
The hound is heavily wounded.
The hound completely misses you. You furiously retaliate!
You headbutt the hound! The hound bites you.
You hit the hound.
You kill the hound!
A kobold and a slave come into view.
The slave shouts!
A slave and Pikel come into view.
Pikel shouts!
The slave shouts!
An adder and 2 slaves come into view.
The slave shouts! x2
Pikel zaps a wand.
Pikel flickers and vanishes!
Deactivating autopickup; reactivate with Ctrl-A.
It is a wand of invisibility.
The slave moves out of view.
The slave hits you. The adder barely misses you. You furiously retaliate!
You headbutt the adder! You completely miss the adder.
The adder is heavily wounded.
The adder misses you.
You closely miss the adder.
The adder is heavily wounded.
The adder misses you. x2
You furiously retaliate!
You headbutt the adder. You hit the adder but do no damage.
The adder is severely wounded.
The adder bites you but does no damage.
You hit the adder.
The adder is severely wounded.
The adder misses you. The adder bites you.
You are poisoned.
The adder poisons you!
You feel sick.
You thump the adder!
You kill the adder!
You feel sick.
You feel sick. The slave completely misses you.
You closely miss something. Something hits you.
* * * LOW HITPOINT WARNING * * *
Something burns you.
* * * LOW HITPOINT WARNING * * *
Throwing (i - inventory):
d - 3 throwing nets (quivered)
You throw a throwing net.
Something gets caught in the net!
Something wriggles in the net.
The slave closely misses you.
You hit something but do no damage.
You feel sick. The slave closely misses you. The slave hits you.
* * * LOW HITPOINT WARNING * * *
Something wriggles in the net.
The slave hits you!
You die...

Action                   |  1- 3 |  4- 6 || total
-------------------------+-------+-------++-------
Melee: Quarterstaff      |    45 |    39 ||    84
Throw: Throwing net      |       |     1 ||     1
  Use: Scroll            |       |     2 ||     2
       Potion            |       |     1 ||     1
  Eat: Chunk             |     1 |     1 ||     2

Vault maps used:
D:1:      dpeg_arrival_rooms_with_view
D:2:      lemuel_doored_altar, zin_statuary, lemuel_blue_sif_altar,
          minmay_crystal_room, kennysheep_nondescript
D:3:      fedhas_altar_fruit_tree, kiku_gazebo_garden_becter, uniq_natasha
D:4:      lemuel_castle_with_subvaults, old_standard_altar,
          minmay_temple_entry_grid, uniq_prince_ribbit1
D:5:      temple_statues, first_bread, serial_shops, shop, uniq_pikel

Notes
Turn   | Place    | Note
--------------------------------------------------------------
     0 | D:1      | zercules, the Minotaur Gladiator, began the quest for the Orb.
     0 | D:1      | Reached XP level 1. HP: 18/18 MP: 1/1
   151 | D:1      | Reached skill level 4 in Staves
   151 | D:1      | Reached XP level 2. HP: 9/25 MP: 1/1
   606 | D:2      | Reached skill level 4 in Dodging
   606 | D:2      | Reached XP level 3. HP: 27/30 MP: 2/2
   816 | D:3      | Found an ancient bone altar of Kikubaaqudgha.
   858 | D:3      | Noticed Natasha
   866 | D:3      | Killed Natasha
  1119 | D:3      | Noticed Natasha
  1125 | D:3      | Killed Natasha
  1125 | D:3      | Reached XP level 4. HP: 25/37 MP: 2/2
  1266 | D:4      | Reached skill level 5 in Staves
  1375 | D:4      | Found a staircase to the Ecumenical Temple.
  1392 | D:4      | Reached skill level 5 in Dodging
  1412 | D:4      | Found a white marble altar of Elyvilon.
  1421 | D:4      | Reached XP level 5. HP: 20/42 MP: 2/2
  1469 | D:4      | Noticed Phlounder's ghost (average GrMo)
  1493 | D:4      | HP: 6/42 [Phlounder's ghost (5)]
  1509 | D:5      | Entered Level 5 of the Dungeon
  1742 | D:5      | Noticed a slave
  1743 | D:5      | Noticed Pikel
  1743 | D:5      | Noticed a slave
  1744 | D:5      | Noticed a slave
  1744 | D:5      | Noticed a slave
  1760 | D:5      | HP: 8/42 [slave[Pikel] (5)]
  1760 | D:5      | Slain by a slave

Vanquished Creatures
  A hound (D:5)
  A centaur skeleton (D:4)
  An iguana (D:4)
  Natasha (twice) (D:3)
  A worker ant (D:4)
  2 adders
  A gnoll (D:1)
  2 giant geckos
  A bat (D:3)
  2 giant cockroaches (D:3)
  2 goblins
  A hobgoblin (D:1)
  4 kobolds
  6 rats
27 creatures vanquished.
